 Dungeon Crawl Stone Soup version 0.28.0-43-g3370ac3207 (webtiles) character file.

Game seed: 17496816594021877039

201 themarg the Gusty (level 5, -4/29 HPs)
             Began as a Tengu Air Elementalist on Mar 3, 2022.
             Killed from afar by an orc wizard (7 damage)
             ... with a magic dart
             ... on level 3 of the Dungeon.
             The game lasted 00:12:06 (3328 turns).

themarg the Gusty (Tengu Air Elementalist)          Turns: 3328, Time: 00:12:06

Health: -4/29      AC:  2    Str:  8    XL:     5   Next: 79%
Magic:  11/11      EV: 15    Int: 18    God:
Gold:   97         SH:  0    Dex: 14    Spells: 9/10 levels left

rFire   . . .      SeeInvis .   d - +0 dagger
rCold   . . .      Faith    .   (no shield)
rNeg    . . .      Spirit   .   a - +0 robe
rPois   .          Reflect  .   (helmet restricted)
rElec   .          Harm     .   (no cloak)
rCorr   .          Rampage  .   (no gloves)
Will    .....                   (boots unavailable)
Stlth   ++........              o - amulet of magic regeneration
HPRegen 0.09/turn               (no ring)
MPRegen 0.52/turn               (no ring)

@: flying quickly and evasively, quick
A: beak, talons 3, nimble flight
a: no special abilities


You were on level 3 of the Dungeon.
You visited 1 branch of the dungeon, and saw 4 of its levels.

You collected 97 gold pieces.

Inventory:

Hand Weapons
 d - a +0 dagger (weapon)
Missiles
 j - 83 stones
Armour
 a - a +0 robe (worn)
 l - a +0 tower shield
Jewellery
 f - a ring of ice
 o - an amulet of magic regeneration (around neck)
 q - a +6 ring of intelligence
Scrolls
 b - a scroll of identify
 c - a scroll of magic mapping {unknown}
 e - a scroll of teleportation {unknown}
 g - 2 scrolls of blinking
 h - a scroll of immolation
 i - a scroll of vulnerability {unknown}
 n - a scroll of brand weapon {unknown}
 r - a scroll of holy word {unknown}
 s - a scroll of fog {unknown}
Potions
 k - a potion of degeneration {unknown}
 m - a potion of heal wounds {unknown}
 p - 2 potions of curing
 t - a potion of might {unknown}
 u - a potion of ambrosia {unknown}


   Skills:
 * Level 1.1 Fighting
 + Level 2.6 Dodging
 - Level 2.0 Stealth
 + Level 0.2 Unarmed Combat
 + Level 3.3 Spellcasting
 + Level 3.2 Conjurations
 + Level 5.9 Air Magic


You had 9 spell levels left.
You knew the following spells:

 Your Spells              Type           Power      Damage    Failure   Level
a - Shock                 Conj/Air       76%        1d7       2%          1

Your spell library contained the following spells:

 Spells                   Type           Power      Damage    Failure   Level
 Static Discharge         Conj/Air       19%        N/A       3%          2
 Magic Dart               Conj           56%        1d5       4%          1
 Swiftness                Air            24%        N/A       4%          3
 Mephitic Cloud           Conj/Pois/Air  14%        N/A       14%         3
 Airstrike                Air            12%        N/A       14%         4
 Call Imp                 Summ           3%         N/A       24%         2
 Conjure Flame            Conj/Fire      8%         6-21      24%         3
 Ignite Poison            Fire/Tmut/Pois 3%         N/A       43%         3
 Sticky Flame             Conj/Fire      8%         2d3       63%         4


Dungeon Overview and Level Annotations

Branches:
Dungeon (4/15)
 Temple: D:4-7

Altars:
Wu Jian


Innate Abilities, Weirdness & Mutations

You have a beak for a mouth.
You have claws for feet.
Your magical nature lets you fly swiftly and evasively.


Message History

Confirm with . or Enter, or press ? or * to list all spells.
Aiming: Shock (safe; 2% risk of failure)
Press: ? - help, Shift-Dir - straight line A puff of flame appears from out of thin air!
The puff of flame hits you!
You hear some strange, mumbled words.
Something tries to affect you, but you resist.
An orc comes into view. It is wielding a +0 flail.
Something hits you.
The orc moves out of view.
You hit something but do no damage. Your kick misses something.
Something hits you.
You completely miss something.
The orc shouts!
You claw something. Something hits you but does no damage.
You miss something.
You hear some strange, mumbled words.
A magic dart appears from out of thin air!
The magic dart hits you!
You closely miss something. You peck something. Something hits you.
* * * LOW HITPOINT WARNING * * *
There is a stone staircase leading up here.
You hear some strange, mumbled words.
A puff of flame appears from out of thin air!
The puff of flame misses you.
You fly upwards.
Reactivating autopickup.
There is a stone staircase leading down here.
Something hits you but does no damage.
Deactivating autopickup; reactivate with Ctrl-A.
You hear some strange, mumbled words.
Something tries to affect you, but you resist.
You start resting.
Something hits you.
* * * LOW HITPOINT WARNING * * *
A magic dart appears from out of thin air!
The magic dart hits you.
* * * LOW HITPOINT WARNING * * *
A magic dart appears from out of thin air!
The magic dart hits you!
You die...

#.# #.########..
##.## #.# #.. #>..#
#.# #.. #...# #.# #..
####...###.########♣♣
#...{..............♣.
#.).......#########♣.
#.........# #......♣♣
####@..#### #.######
#...# #.# #...# #.#
##.## #.# #.# #.#
#.#######.#
#.........# ##
########..# #. ###
#..# #.


There were no monsters in sight!

Vanquished Creatures
  A howler monkey (D:4)
  A jelly (D:4)
  5 adders
  A white imp (D:3)
  A worm (D:2)
  A dart slug (D:2)
  4 orcs (D:4)
  3 bats
  3 endoplasms
  4 giant cockroaches
  3 goblins
  6 hobgoblins
  11 jackals
  A quokka (D:3)
  7 ball pythons
  4 frilled lizards
  10 kobolds
  6 rats
72 creatures vanquished.

Notes
Turn   | Place    | Note
-------+----------+-------------------------------------------
     0 | D:1      | themarg the Tengu Air Elementalist began the quest for the
                  | Orb.
     0 | D:1      | Reached XP level 1. HP: 10/10 MP: 4/4
   281 | D:1      | Reached XP level 2. HP: 15/15 MP: 0/6
   598 | D:1      | Found a faded altar of an unknown god.
  1342 | D:2      | Reached skill level 5 in Air Magic
  1342 | D:2      | Reached XP level 3. HP: 8/19 MP: 0/7
  2153 | D:2      | Reached XP level 4. HP: 24/24 MP: 1/8
  2660 | D:3      | Found an ornate altar of the Wu Jian Council.
  3097 | D:3      | Gained mutation: Your magical nature lets you fly swiftly
                  | and evasively. [Tengu growth]
  3097 | D:3      | Reached XP level 5. HP: 28/28 MP: 7/10
  3250 | D:4      | Reached skill level 1 in Fighting
  3328 | D:3      | Killed from afar by an orc wizard

Illustrated notes

Levels and vault maps discovered:
D:1:      kilobyte_arrival_exit_the_forest, layout_rooms,
          hellmonk_ecumenical_altar_blasted, serial_rivers,
          chequers_serial_rivers_micro_a, chequers_serial_rivers_room_a,
          chequers_serial_rivers_micro_a, chequers_serial_rivers_marsh
D:2:      layout_basic, minmay_circle_x
D:3:      layout_loops_ring, mainiacjoe_overflow_alcove_1
D:4:      layout_cave_pools, serial_shops, nicolae_shop_stone,
          kennysheep_decorative_pillar, uniq_edmund

Skill      XL: |  1  2  3  4  5 |
---------------+----------------+-----
Air Magic      | 5 |  5.9
Conjurations   | 2 3 |  3.2
Spellcasting   | 3 |  3.3
Fighting       | 1 |  1.1
Dodging        | |  2.6
Stealth        | |  2.0
Unarmed Combat | |  0.2

Action                   |  1- 3 |  4- 6 || total
-------------------------+-------+-------++-------
Melee: Unarmed           |    12 |       ||    12
       Kick              |     9 |     4 ||    13
       Peck              |     6 |     2 ||     8
       Dagger            |    17 |    12 ||    29
 Cast: Shock             |    77 |    69 ||   146
  Use: Scroll            |       |     2 ||     2
Armor: Robe              |     9 |     3 ||    12
Dodge: Dodged            |    30 |     5 ||    35
